Unix NetHack Version 3.7.0-88 Work-in-progress - last build Jul 31 2023 01:03:25 (d6d9bbdcf1071267680b4f7fcec8db41e46f69fb,branch:master). Game began 2023-07-31 20:59:05, ended 2023-07-31 21:05:40. Arasaka, chaotic male elven Ranger ------- ------ ......| d@u###-.....| |.<...| ###### ....| +.....|################################ ..| --.----###### #--------|----####### | ###### |C.........C| |.....C.....| |...-----...| |.....{.|...| |..C|{.{|C..| |...| {.|...| |...-----...| |.....C.....| |C.........C| ------------- Arasaka the Lookout St:14 Dx:11 Co:15 In:13 Wi:13 Ch:9 Chaotic Dlvl:5 $:72 HP:0(29) Pw:21(21) AC:1 Xp:4/96 T:1415 Latest messages: Korone misses it. Korone misses it. You miss the centipede. The centipede bites! Korone misses it. Korone misses it. You hit the centipede! Korone misses it. Korone misses it. You kill the centipede! Welcome to experience level 4. You feel awake! Korone misses it. You hear some noises. Something is written here in the dust. You read: "L ? ?". There is nothing here to pick up. There is nothing here to pick up. Korone misses it. Korone misses the centipede. Korone misses the centipede. You swap places with Korone. You miss the centipede. The centipede bites! You kill the centipede! k - a murky potion (2 in total). You see here a centipede corpse. Korone eats a centipede corpse. You swap places with Korone. You see here a statue of a plains centaur. You see here a statue of a plains centaur. You see here a statue of a forest centaur. That door is closed. The door opens. The pony kicks! The pony bites! You hit the pony. The pony kicks! The pony bites! You miss the pony. The pony kicks! The pony just misses! You hit the pony! The pony kicks! The pony bites! The pony kicks! The pony bites! The pony kicks! The pony bites! You die... Inventory: Coins ('$') $ - 72 gold pieces Weapons (')') c - 56 uncursed +2 elven arrows (in quiver) d - 38 uncursed +0 elven arrows b - an uncursed +1 elven bow (alternate weapon; not wielded) a - an uncursed +1 elven dagger (weapon in hand) m - an uncursed +0 elven dagger Armor ('[') i - a cursed -1 pair of levitation boots e - an uncursed +2 elven cloak (being worn) r - an uncursed +0 dwarvish mithril-coat (being worn) Comestibles ('%') f - 4 uncursed lembas wafers h - an uncursed tripe ration Scrolls ('?') n - an uncursed scroll of identify p - an uncursed scroll of stinking cloud Potions ('!') k - 2 uncursed potions of confusion l - a cursed potion of gain ability Wands ('/') j - an uncursed wand of undead turning (0:5) Tools ('(') q - an uncursed lock pick Arasaka the Ranger's attributes: Background: You were a Lookout, a level 4 male elven Ranger. You were chaotic, on a mission for Mars who was opposed by Mercury (lawful) and Venus (neutral). You were in the Dungeons of Doom, on level 5. You entered the dungeon 1415 turns ago. You had 96 experience points, 64 more were needed to attain level 5. Basics: You had 0 out of 29 hit points. You had all 21 energy points (spell power). Your armor class was 1. Your wallet contained 72 zorkmids. Autopickup was on for '$"?' plus thrown, with exceptions. Final Characteristics: Your strength was 14 (limit:18). Your dexterity was 11 (limit:18). Your constitution was 15 (limit:16). Your intelligence was 13 (limit:20). Your wisdom was 13 (limit:20). Your charisma was 9 (limit:18). Final Status: You were not hungry. You were unencumbered. You were wielding a dagger. You had basic skill with dagger. Final Attributes: You were devoutly aligned. You were sleep resistant. You had automatic searching. You had infravision. You were stealthy. You were guarded. You are dead. Miscellaneous: You disabled loading of bones levels. Total elapsed playing time was 6 minutes and 34 seconds. Major events: Turn 1: Arasaka the chaotic male elven Ranger entered the dungeon 820: entered the Gnomish Mines 1050: attained the rank of Lookout (level 3) 1415: killed by a pony Vanquished creatures: a pony a golden naga hatchling a kitten a kobold leader 2 centipedes a dwarf zombie 2 acid blobs a hobbit 2 red molds a gnome a gecko 3 jackals 2 goblins 4 grid bugs a bat 3 lichens a kobold zombie 3 newts 31 creatures vanquished. No species were genocided or became extinct. Voluntary challenges: You read items or engraved 3 times. You engraved Elbereth 1 time. You never genocided any monsters. You never polymorphed an object. You never changed form. You used no wishes. Achievements: You entered the Gnomish Mines. You attained the rank of Lookout. The Dungeons of Doom: levels 1 to 5 Level 1: An altar, a fountain. Level 2: Level 3: A fountain. Stairs down to The Gnomish Mines. Level 4: A fountain, some sinks. Level 5: <- You were here. Many fountains. Final resting place for you, killed by a pony. The Gnomish Mines: Level 4: Game over: ---------- / \ / REST \ / IN \ / PEACE \ / \ | Arasaka | | 72 Au | | killed by a pony | | | | | | | | 2023 | *| * * * | * _________)/\\_//(\/(/\)/\//\/|_)_______ Goodbye Arasaka the Ranger... You died in The Dungeons of Doom on dungeon level 5 with 649 points, and 72 pieces of gold, after 1415 moves. You were level 4 with a maximum of 29 hit points when you died.